 Dungeon Crawl Stone Soup version 0.30.1-9-gdf580d7c3d (webtiles) character file.

Game seed: 15146487091514850687

13841 lonewolfV2 the Basher (level 12, -6/97 HPs)
             Began as a Formicid Fighter on Oct 13, 2023.
             Was an Initiate of Gozag.
             Mangled by a gnoll
             ... wielding a +4 spear of flaming
             ... led by a gnoll sergeant
              (7 damage)
             ... on level 12 of the Dungeon.
             The game lasted 00:32:37 (17334 turns).

lonewolfV2 the Basher (Formicid Fighter)           Turns: 17334, Time: 00:32:38

Health: -6/97      AC: 12    Str: 26    XL:     12   Next: 37%
Magic:  12/12      EV:  9    Int:  4    God:    Gozag
Gold:   1999       SH:  8    Dex: 18    Spells: 11/11 levels left

rFire   x . .        F - +1 hand axe "Toaligh" {vamp, Int-4 Dex+5 Stlth+}
rCold   + . .        c - +1 buckler
rNeg    . . .        b - +0 scale mail
rPois   .            (helmet unavailable)
rElec   .            g - +2 cloak
rCorr   +            e - +1 pair of gloves
SInv    +            (no boots)
Will    +....        (no amulet)
Stlth   +            i - ring of resist corrosion
HPRegen 0.36/turn    A - ring of ice
MPRegen 0.13/turn

%: no passive effects
@: gold aura
A: permanent stasis, dig shafts and tunnels, antennae 3, four strong arms
a: Dig, Shaft Self, Renounce Religion, Potion Petition, Call Merchant, Bribe
Branch


You were on level 12 of the Dungeon.
You worshipped Gozag.
Gozag was most pleased with you.
You visited 2 branches of the dungeon, and saw 14 of its levels.
You also visited: Sewer and Ossuary.

You collected 2083 gold pieces.
You paid 84 gold pieces to Gozag.

Inventory:

Hand Weapons
 a - a +0 war axe
 p - a +0 morningstar of protection
 F - the +1 hand axe "Toaligh" (weapon) {vamp, Int-4 Dex+5 Stlth+}
   (You found it on level 13 of the Dungeon)

   Int:       It affects your intelligence (-4).
   Dex:       It affects your dexterity (+5).
   Stlth:     It makes you more stealthy.
Missiles
 D - a throwing net
Armour
 b - a +0 scale mail (worn)
 c - a +1 buckler (worn)
 e - a +1 pair of gloves (worn)
 g - a +2 cloak (worn)
Jewellery
 d - a ring of positive energy
 i - a ring of resist corrosion (left hand)
 s - a ring of wizardry
 A - a ring of ice (right hand)
Wands
 j - a wand of flame (16)
 m - a wand of charming (10)
 v - a wand of roots (4)
 E - a wand of acid (2)
Scrolls
 f - 5 scrolls of amnesia
 r - 2 scrolls of noise
 u - 2 scrolls of immolation
 y - 2 scrolls of magic mapping
Potions
 k - 3 potions of degeneration
 l - 3 potions of mutation
 n - a potion of flight
 o - 2 potions of attraction
 q - 3 potions of brilliance
 t - a potion of lignification
 w - a potion of cancellation {unknown}
 x - a potion of berserk rage
 z - a potion of haste
 C - a potion of invisibility {unknown}
Miscellaneous
 h - a phial of floods (inert) (quivered)


   Skills:
 + Level 9.9 Fighting
 + Level 6.9(11.0) Axes
 - Level 13.3(14.0) Maces & Flails
 - Level 3.3 Armour
 + Level 11.9 Shields


You had 11 spell levels left.
You didn't know any spells.
Your spell library contained the following spells:

 Spells                   Type           Power      Damage    Failure   Level
 Lesser Beckoning         Tloc           0%         N/A       91%         2
 Momentum Strike          Conj/Tloc      0%         3d8       91%         2
 Gell's Gravitas          Tloc           0%         N/A       99%         3
 Portal Projectile        Hex/Tloc       0%         N/A       99%         3
 Teleport Other           Tloc           0%         N/A       99%         3
 Tukima's Dance           Hex            0%         N/A       99%         3
 Summon Ice Beast         Ice/Summ       0%         N/A       100%        4
 Blade Hands              Tmut           0%         N/A       100%        5
 Freezing Cloud           Conj/Ice/Air   0%         6-21      100%        5
 Summon Mana Viper        Hex/Summ       0%         N/A       100%        5
 Statue Form              Tmut/Erth      0%         N/A       100%        6
 Monstrous Menagerie      Summ           0%         N/A       100%        7
 Blink                    Tloc           Unusable   N/A       N/A         2

Dungeon Overview and Level Annotations

Branches:
Dungeon (13/15)            Temple (1/1) D:5            Lair (0/5) D:11
    Orc (0/2) D:11          Sewer (visited)         Ossuary (visited)
 Vaults: D:13-14

Altars:
Ashenzari
Cheibriados
Dithmenos
Elyvilon
Fedhas
Gozag
Hepliaklqana
Kikubaaqudgha
Makhleb
Nemelex Xobeh
Okawaru
Qazlal
Ru
Sif Muna
Trog
Uskayaw
Vehumet
Wu Jian
Xom
Yredelemnul
Zin
The Shining One

Shops:
D:3 [   D:6 [   D:7 :**(


Innate Abilities, Weirdness & Mutations

You cannot be hasted, slowed, berserked, paralysed or teleported.
You can dig through walls and to a lower floor.
You have a pair of large antennae on your head. (SInv)
Your four strong arms can wield two-handed weapons with a shield.


Message History

The gnoll hits you from afar with a +2 spear of flaming!
* * * LOW HITPOINT WARNING * * *
The gnoll burns you.
* * * LOW HITPOINT WARNING * * *
Your gnoll sergeant hits the orc priest but does no damage.
The yak is distracted by your dazzling golden aura.
The orc priest barely misses your gnoll sergeant.
The gnoll hits your gnoll sergeant with a +4 spear of flaming!
The gnoll burns your gnoll sergeant.
The gnoll is distracted by your dazzling golden aura.
Your gnoll sergeant hits the orc priest with a +0 spear.
The gnoll shouts!
The orc priest hits your gnoll sergeant but does no damage.
The gnoll hits your gnoll sergeant with a +4 spear of flaming.
The gnoll burns your gnoll sergeant.
Your gnoll sergeant hits the orc priest but does no damage.
Aiming: Charm
Press: ? - help, Q - select action, (/) - cycle Shift-Dir - straight line, f - gnoll
Aim: a gnoll, wielding a +4 spear of flaming (chance to affect: 57%)
The gnoll resists with significant effort.
The gnoll is no longer distracted by gold.
The orc priest hits your gnoll sergeant with a +0 flail.
Your gnoll sergeant dies!
The yak is no longer distracted by gold.
The orc priest calls down the wrath of Beogh upon you.
Beogh smites you!
* * * LOW HITPOINT WARNING * * *
The gnoll hits you but does no damage. The gnoll closely misses you.
The orc hits you with a +0 whip.
* * * LOW HITPOINT WARNING * * *
The yak is distracted by your dazzling golden aura.
You block the gnoll's attack. The gnoll barely misses you.
You barely miss the orc. You closely miss the gnoll. You hit the gnoll.
You feel better.
The gnoll hits you with a +4 spear of flaming!
* * * LOW HITPOINT WARNING * * *
The gnoll burns you!
You die...
Your body crumbles into a pile of gold.

###################
.............Ygo@.#
..............gggo#
.............$Y...#
.............YY...#
..########..Y######...
###........Yo..o.o....
..#..........$....###.
..#...#...........#
......#...........#


You could see 6 yaks, an orc priest, 4 gnolls and 2 orcs.

Vanquished Creatures
  Fannar (D:10)
  A boulder beetle (D:12)
  A two-headed ogre (D:11)
  Pikel (D:7)
  A manticore (D:10)
  An ugly thing (D:13)
  2 cyclopes
  Maurice (D:11)
  Joseph (D:7)
  Psyche (D:11)
  A kobold demonologist (D:10)
  3 trolls
  A hornet (D:9)
  A shadow (D:12)
  3 wraiths
  2 wyverns
  8 yaks
  Grum (D:10)
  5 vampire mosquitoes
  Menkaure (D:7)
  A water moccasin (D:7)
  A sky beast (D:6)
  3 black bears
  6 orc warriors
  An ice beast (D:6)
  2 ogres (D:5)
  8 wolves
  2 centaurs
  2 kobold brigands
  A phantom (D:6)
  3 bullfrogs
  2 scorpions
  7 wights
  14 killer bees
  3 electric eels (D:11)
  4 howler monkeys
  3 jellies
  4 orc priests
  5 hounds
  A gnoll bouda (D:5)
  Terence (D:2)
  2 iguanas (D:5)
  6 orc wizards
  2 hound zombies (Ossuary)
  5 mummies
  6 gnolls
  8 adders
  3 river rats (D:3)
  2 shadow imps
  An ufetubus (D:6)
  2 adder zombies (Ossuary)
  2 worms
  4 dart slugs
  34 orcs
  14 ball pythons
  6 bats
  16 endoplasms
  8 giant cockroaches
  11 goblins
  8 hobgoblins
  4 jackals
  6 quokkas
  10 frilled lizards
  A gnoll zombie (Ossuary)
  A goblin zombie (Ossuary)
  3 hobgoblin zombies
  A jackal zombie (Ossuary)
  17 kobolds
  3 kobold zombies
  4 rats
  A rat zombie (Ossuary)
302 creatures vanquished.

Vanquished Creatures (others)
  A deep elf pyromancer (D:12)
  An acid dragon (D:12)
  A gnoll sergeant (D:12)
3 creatures vanquished.

Grand Total: 305 creatures vanquished

Notes
Turn   | Place    | Note
-------+----------+-------------------------------------------
     0 | D:1      | lonewolfV2 the Formicid Fighter began the quest for the
                  | Orb.
     0 | D:1      | Reached XP level 1. HP: 18/18 MP: 1/1
    50 | D:1      | Reached XP level 2. HP: 24/24 MP: 2/2
   320 | D:1      | Reached XP level 3. HP: 29/29 MP: 3/3
   479 | D:1      | Got the Collected Works on the Numb Shapeshifter
   655 | D:2      | Noticed Terence
   665 | D:2      | Killed Terence
   666 | D:2      | Reached XP level 4. HP: 34/35 MP: 4/4
   690 | D:2      | Found a glowing golden altar of the Shining One.
   899 | D:2      | Found a faded altar of an unknown god.
  1221 | D:3      | Reached XP level 5. HP: 41/41 MP: 5/5
  1231 | D:3      | Found Siwkiav's Armour Emporium.
  1295 | D:3      | Reached skill level 5 in Axes
  1316 | D:3      | Found a glowing drain.
  1326 | Sewer    | Entered a sewer
  1963 | Sewer    | Noticed a bullfrog
  1976 | Sewer    | Killed a bullfrog
  1977 | Sewer    | Reached XP level 6. HP: 27/47 MP: 6/6
  3161 | D:4      | Reached XP level 7. HP: 52/52 MP: 7/7
  3164 | D:4      | Reached skill level 1 in Maces & Flails
  3231 | D:4      | Identified the +2 robe "Ocheovyv" {+Inv Fly rF- Str-2}
  3319 | D:4      | Reached skill level 2 in Maces & Flails
  3356 | D:4      | Found a snail-covered altar of Cheibriados.
  3682 | D:5      | Entered Level 5 of the Dungeon
  3724 | D:5      | Reached skill level 5 in Fighting
  3724 | D:5      | Reached skill level 3 in Maces & Flails
  4020 | D:5      | Reached XP level 8. HP: 62/62 MP: 8/8
  4278 | D:5      | Reached skill level 4 in Maces & Flails
  4307 | D:5      | Found a staircase to the Ecumenical Temple.
  4331 | Temple   | Entered the Ecumenical Temple
  4528 | Temple   | Became a worshipper of Gozag Ym Sagoz the Greedy
  4729 | D:5      | Found an ancient bone altar of Kikubaaqudgha.
  4731 | D:5      | Found a burning altar of Makhleb.
  5573 | D:6      | Found Ceih's Armour Shop.
  5624 | D:6      | Reached skill level 5 in Maces & Flails
  5666 | D:6      | Reached XP level 9. HP: 64/72 MP: 9/9
  5784 | D:6      | Reached skill level 6 in Maces & Flails
  6034 | D:6      | Reached skill level 7 in Maces & Flails
  6364 | D:7      | Found Jairukhli's Book Shoppe.
  6765 | D:7      | Reached skill level 8 in Maces & Flails
  6954 | D:7      | Found a sand-covered staircase.
  6961 | Ossuary  | Entered an ossuary
  7483 | D:7      | Found Xibad's Weapon Shop.
  7532 | D:7      | Noticed Pikel
  7548 | D:7      | Killed Pikel
  7549 | D:7      | Reached skill level 9 in Maces & Flails
  7549 | D:7      | Reached XP level 10. HP: 77/80 MP: 10/10
  7577 | D:7      | Found Loinogg's General Store.
  7603 | D:7      | Noticed Menkaure
  7610 | D:7      | Killed Menkaure
  7612 | D:7      | Noticed Joseph
  7629 | D:7      | Killed Joseph
  7772 | D:7      | Found a shimmering altar of Xom.
  7912 | D:7      | Found a bloodstained altar of Trog.
  7998 | D:7      | Found Jeotah's General Store.
  8699 | D:8      | Reached skill level 10 in Maces & Flails
 10024 | D:8      | Found a glowing silver altar of Zin.
 11016 | D:9      | Reached skill level 5 in Shields
 11659 | D:10     | Entered Level 10 of the Dungeon
 11659 | D:10     | Noticed a manticore
 11666 | D:10     | Killed a manticore
 11667 | D:10     | Reached skill level 11 in Maces & Flails
 11667 | D:10     | Reached XP level 11. HP: 70/90 MP: 11/11
 11669 | D:10     | Noticed Grum
 12033 | D:10     | Killed Grum
 12330 | D:10     | Noticed Fannar
 12377 | D:10     | Killed Fannar
 12803 | D:10     | Noticed a cyclops
 12818 | D:10     | Killed a cyclops
 12909 | D:10     | Found a shadowy altar of Dithmenos.
 13166 | D:11     | Reached skill level 12 in Maces & Flails
 14202 | D:11     | Noticed Psyche
 14228 | D:11     | Killed Psyche
 14254 | D:11     | Noticed a two-headed ogre
 14634 | D:11     | Killed a two-headed ogre
 14635 | D:11     | Reached skill level 10 in Shields
 14987 | D:11     | Found a staircase to the Lair.
 15122 | D:11     | Noticed Maurice
 15146 | D:11     | Killed Maurice
 15183 | D:11     | Noticed a cyclops
 15198 | D:11     | Reached XP level 12. HP: 62/97 MP: 12/12
 15215 | D:11     | Reached skill level 13 in Maces & Flails
 15719 | D:11     | Found a staircase to the Orcish Mines.
 16525 | D:12     | Noticed a boulder beetle
 16549 | D:12     | Killed a boulder beetle
 16912 | D:12     | You fall into a shaft and drop 1 floor!
 16916 | D:13     | Identified the +1 hand axe "Toaligh" {vamp, Int-4 Dex+5
                  | Stlth+}
 17334 | D:12     | HP: 1/97 [gnoll/+4 spear of flaming[a gnoll sergeant] (10)]
 17334 | D:12     | Mangled by a gnoll

Illustrated notes

Levels and vault maps discovered:
D:1:      ncdulo_smallfort, layout_basic
D:2:      layout_basic, basic_altar, shapermc_ecumenical_altar_mp_ritualfount,
          interstate_on_off, columned_hall_lemuel, uniq_terence
D:3:      layout_loops_cross, serial_shops, shop, portal_sewer_entry_e,
          item_on_display_a
D:4:      layout_rooms, general_overflow_altar
D:5:      layout_loops_corners, chequers_temple_overflow_statue_of_worship,
          minmay_temple_entry_wispy, kennysheep_nondescript, minmay_statues_item
D:6:      layout_basic, serial_shops, shop_fountains
D:7:      layout_loops_ring, xom_teletrap_fun, trog_hazing_becter,
          nicolae_ossuary_entry_giza, serial_shops, shop, nicolae_shop_stone,
          nicolae_shop_crystal, nicolae_shop_pleasant_corner_grove, uniq_joseph,
          uniq_pikel, uniq_menkaure
D:8:      layout_basic, amcnicky_altar_gilded
D:9:      layout_layer_cave
D:10:     layout_loops_ring, mainiacjoe_overflow_six_doors_small, uniq_fannar,
          uniq_grum
D:11:     layout_rooms, erik_lair_island, david_orc_4, uniq_maurice, uniq_psyche
D:12:     layout_grid_maze
D:13:     gammafunk_corrupted_shrine, layout_small_grid, okawaru_trees_2
Temple:   bh_familiar_temple

Skill      XL: |  1  2  3  4  5  6  7  8  9 10 11 12 |
---------------+-------------------------------------+-----
Axes           | 3 4 6 |  6.9
Maces & Flails | 3 5 9 11 12 13 | 13.3
Fighting       | 5 7 9 |  9.9
Shields        | 6 10 11 | 11.9
Armour         | |  3.3

Action                     |  1- 3 |  4- 6 |  7- 9 | 10-12 || total
---------------------------+-------+-------+-------+-------++-------
  Melee: War axe           |    64 |   202 |       |       ||   266
         Morningstar       |       |    28 |   313 |   430 ||   771
         Hand axe          |       |       |       |    84 ||    84
  Evoke: Wand              |       |       |       |    18 ||    18
         Phial of floods   |       |       |       |     1 ||     1
    Use: Scroll            |       |    12 |     7 |     4 ||    23
         Potion            |       |       |     3 |    14 ||    17
   Stab: Distracted        |       |       |     1 |     2 ||     3
 Armour: Scale mail        |    38 |   130 |   288 |   228 ||   684
  Dodge: Dodged            |    43 |   147 |   190 |   205 ||   585
  Block: Buckler           |    25 |    82 |   139 |   166 ||   412
